 Dungeon Crawl Stone Soup version 0.28-a0-909-g796cbd3a86 (webtiles) character file.

Game seed: 4522064753350442247

32 ders the Caller (level 3, 0/21 HPs)
             Began as a Felid Summoner on Nov 25, 2021.
             Succumbed to an adder's poison
             ... on level 2 of the Dungeon.
             The game lasted 00:07:10 (2433 turns).

ders the Caller (Felid Summoner)                    Turns: 2433, Time: 00:07:11

Health: 0/21       AC:  1    Str:  4    XL:     3   Next: 8%
Magic:  4/7        EV: 18    Int: 17    God:
Gold:   44         SH:  0    Dex: 16    Spells: 2/6 levels left
                                        Lives:  0   Deaths: 0

rFire   . . .      SeeInvis +   (weapon unavailable)
rCold   . . .      Faith    .   (shield unavailable)
rNeg    . . .      Spirit   .   (armour unavailable)
rPois   .          Reflect  .   (helmet unavailable)
rElec   .          Harm     .   (cloak unavailable)
rCorr   .          Rampage  .   (gloves unavailable)
Will    .....                   (boots unavailable)
Stlth   ..........              (no amulet)
HPRegen 0.07/turn               (no ring)
MPRegen 0.10/turn               (no ring)

@: berserking, lethally poisoned (0 -> -3), very quick
A: very small, claws 1, fangs 3, see invisible, speed 1, shaggy fur 1, stealthy
paws, no weapons or thrown items, no armour, multi-lived
a: no special abilities


You were on level 2 of the Dungeon.
You visited 1 branch of the dungeon, and saw 2 of its levels.

You collected 44 gold pieces.

Inventory:

Scrolls
 b - a scroll of fog {unknown}
 d - a scroll of magic mapping {unknown}
 e - a scroll of noise {unknown}
Potions
 a - a potion of heal wounds {unknown}
 c - a potion of might {unknown}
 g - a potion of attraction {unknown}


   Skills:
 + Level 3.3 Dodging
 - Level 2.6 Stealth
 + Level 2.3 Spellcasting
 * Level 4.5 Summonings


You had 2 spell levels left.
You knew the following spells:

 Your Spells              Type           Power      Damage    Failure   Level
a - Summon Small Mammal   Summ           68%        N/A       3%          1
b - Call Canine Familiar  Summ           17%        N/A       9%          3

Your spell library contained the following spells:

 Spells                   Type           Power      Damage    Failure   Level
 Call Imp                 Summ           17%        N/A       4%          2
 Summon Guardian Golem    Hex/Summ       9%         N/A       22%         3
 Summon Lightning Spire   Summ/Air       9%         N/A       58%         4


Dungeon Overview and Level Annotations

Branches:
Dungeon (2/15)

Altars:


Innate Abilities, Weirdness & Mutations

You have sharp claws.
You have razor-sharp teeth.
You have supernaturally acute eyesight. (SInv)
You cover ground quickly. (Speed+)
You are covered in fur. (AC +1)
Your paws help you pounce on unaware monsters.
You are incapable of wielding weapons or throwing items.
You cannot wear armour.
You gain extra lives every three experience levels.


Message History

You feel sick. The adder closely misses you.
Your rat misses the adder.
Your rat closely misses the adder.
Unknown command.
You swap places.
You feel sick. The adder misses you.
Your rat bites the adder.
There is an escape hatch in the ceiling here.
You feel sick.
Your rat disappears in a puff of smoke!
The adder closely misses you.
You feel sick.
Your rat misses the adder.
You feel sick.
You are no longer poisoned.
Casting: Summon Small Mammal (safe; 3% risk of failure)
Confirm with . or Enter, or press ? or * to list all spells.
The spell is potentially lethal to cast (9% risk of failure)!
Continue anyway?
The adder completely misses you. The adder barely misses you.
Your hound barely misses the adder.
You swap places.
Your hound misses the adder. The adder bites you.
* * * LOW HITPOINT WARNING * * *
You are lethally poisoned!
The adder poisons you!
You swap places.
* * * LOW HITPOINT WARNING * * *
You feel sick.
Your hound completely misses the adder.
The adder barely misses your rat.
Your rat bites the adder.
It was a potion of berserk rage.
A red film seems to cover your vision as you go berserk!
You feel yourself moving faster!
You feel mighty!
* * * LOW HITPOINT WARNING * * *
You feel sick.
Your hound barely misses the adder.
The adder bites your rat.
Your hound closely misses the adder.
The adder bites your rat but does no damage.
Your rat barely misses the adder.
You are too berserk!
You swap places.
You feel a strong urge to attack something.
* * * LOW HITPOINT WARNING * * *
You feel sick.
Your hound closely misses the adder.
You claw the adder!
You kill the adder!
You die...

##################
#.......@r........
#...[..h#.....### ####
#.#####.#.....### .#..
.>......+.....<.# .#.###
..#####.#.....#.# .#<..#
.######.##....#........
.#.#.###....#......##.##.#.....
.#.#.#....#.#.#.#####.# .. ##..
.#.#.#.#.##.#.#.......# #.#


You could see a friendly hound (summoned) and a friendly rat (summoned).

Vanquished Creatures
  An adder (D:2)
  A dart slug (D:1)
  2 ball pythons (D:1)
  A bat (D:2)
  2 endoplasms (D:1)
  A giant cockroach (D:1)
  A quokka (D:1)
  A frilled lizard (D:1)
  A kobold (D:1)
11 creatures vanquished.

Vanquished Creatures (collateral kills)
  A dart slug (D:1)
  2 ball pythons (D:1)
  2 endoplasms (D:1)
  A giant cockroach (D:1)
  2 goblins (D:1)
  A hobgoblin (D:1)
  A quokka (D:1)
  3 bats
  A frilled lizard (D:1)
  A kobold (D:2)
15 creatures vanquished.

Vanquished Creatures (others)
  A fungus (D:1)
1 creature vanquished.

Grand Total: 27 creatures vanquished

Notes
Turn   | Place    | Note
-------+----------+-------------------------------------------
     0 | D:1      | ders the Felid Summoner began the quest for the Orb.
     0 | D:1      | Reached XP level 1. HP: 7/7 MP: 4/4
   664 | D:1      | Reached XP level 2. HP: 11/11 MP: 3/6
   699 | D:1      | Found a faded altar of an unknown god.
  2035 | D:1      | Reached XP level 3. HP: 6/14 MP: 4/7
  2039 | D:1      | Learned a level 3 spell: Call Canine Familiar
  2432 | D:2      | HP: 1/21 [poisoned by an adder]
  2433 | D:2      | Succumbed to an adder's poison

Illustrated notes

Levels and vault maps discovered:
D:1:      amcnicky_arrival_single_pillar, layout_loops_ring,
          shapermc_ecumenical_altar_acropolis
D:2:      layout_basic, chequers_serial_rivers_room_b, kennysheep_generic_room_6

Skill      XL: |  1 |
---------------+----+-----
Dodging        | 3 |  3.3
Stealth        | |  2.6
Spellcasting   | |  2.3
Summonings     | |  4.5

Action                   || total
-------------------------++-------
Melee: Unarmed           ||    27
       Bite              ||     4
 Cast: Summon Small Mamm ||    46
       Call Canine Famil ||     1
  Use: Potion            ||     1
 Stab: Distracted        ||     1
Dodge: Dodged            ||    32

Table legend: (Time is in decaauts)
 A = Elapsed time spent in this place.
 B = Non-inter-level travel time spent in this place.
 C = Inter-level travel time spent in this place.
 D = Time resting spent in this place.
 E = Time spent auto-exploring this place.
 F = Levels seen in this place.
 G = Mean time per level.
                   A        B        C        D        E       F      G
               +--------+--------+--------+--------+--------+-----+--------+
         Total |   2309 |   2300 |      9 |   1442 |    543 |   2 | 1154.5 |
       Dungeon |   2309 |   2300 |      9 |   1442 |    543 |   2 | 1154.5 |
               +--------+--------+--------+--------+--------+-----+--------+

Top non-repeatable levels by time:
     D:1: 2209 daAuts
     D:2: 99 daAuts
